Map: Abyssal Reef LE

Players

Elroye

  • Race: Zerg Zerg
  • Spawn Location: 5:00

Dana - Winner!

  • Race: Zerg Zerg
  • Spawn Location: 11:00

Event: IEM XI Katowice - World Championship 2017

VOD

Have the link to the VOD?

Description

Time

  • Played on: Feb. 27, 2017, 5:59 a.m.
  • Length: 13:22

All games in this series

Show
View Real Time Build Order
Export as new Build Order

Elroye Zerg 

Build Orders: Hatch First 

Get SALT Encoding   

  12  0:00  Drone  
  13  0:12  Overlord  
  13  0:17  Drone  
  14  0:31  Drone x2  
  14  0:34  Drone  
  17  0:52  Hatchery  
  17  0:56  Drone  
  17  0:58  Drone  
  18  1:04  Extractor  
  17  1:13  Spawning Pool  
  17  1:16  Drone  
  17  1:20  Drone  
  18  1:28  Drone  
  19  1:41  Overlord  
  19  1:52  Drone  
  20  2:00  Queen  
  22  2:03  Metabolic Boost  
  22  2:04  Queen  
  22  2:05  Zergling x2  
  22  2:07  Drone  
  26  2:11  Drone  
  26  2:15  Drone  
  28  2:21  Drone  
  29  2:27  Baneling Nest  
  29  2:28  Drone  
  28  2:48  Drone  
  28  2:49  Hatchery  
  28  2:52  Overlord  
  28  3:04  Overlord  
  29  3:10  Drone x4  
  29  3:11  Drone  
  34  3:16  Zergling x2  
  34  3:19  Drone  
  36  3:22  Overlord  
  36  3:23  Lair  
  36  3:25  Zergling x2  
  37  3:27  Drone  
  37  3:29  Drone  
  40  3:34  Drone  
  40  3:36  Drone x2  
  40  3:39  Extractor  
  41  3:42  Drone  
  41  3:43  Evolution Chamber  
  41  3:45  Drone  
  41  3:46  Drone  
  43  3:52  Roach Warren  
  43  3:53  Drone  
  43  3:55  Drone  
  44  3:58  Drone  
  44  4:02  Drone x2  
  47  4:04  Extractor  
  47  4:07  Drone x2  
  47  4:09  Drone  
  49  4:11  Drone  
  49  4:14  Queen  
  52  4:18  Zerg Missile Weapons Level 1  
  52  4:23  Overlord  
  52  4:28  Drone  
  52  4:31  Glial Reconstitution  
  52  4:35  Roach  
  52  4:36  Roach  
  56  4:39  Overlord  
  56  4:40  Overlord  
  56  4:43  Roach x2  
  60  4:47  Roach  
  60  4:48  Roach  
  64  4:55  Overlord  
  64  4:58  Roach x4  
  71  5:05  Roach x3  
  79  5:07  Roach  
  79  5:09  Roach  
  79  5:10  Ravager  
  79  5:14  Roach x2  
  84  5:17  Roach  
  84  5:20  Roach  
  90  5:24  Overlord  
  90  5:25  Overlord  
  90  5:35  Overlord  
  90  5:39  Overlord  
  90  5:47  Roach x5  
  90  5:49  Roach x2  
  98  5:51  Roach x2  
  98  5:52  Roach  
  98  5:55  Roach  
  94  5:59  Roach x2  
  84  6:04  Roach  
  84  6:07  Roach  
  81  6:11  Roach  
  81  6:12  Roach  
  81  6:14  Roach  
  81  6:21  Roach x2  
  85  6:30  Roach x2  
  91  6:32  Roach  
  91  6:34  Roach  
  91  6:36  Roach  
  91  6:38  Drone x4  
  99  6:40  Extractor  
  99  6:41  Roach  
  99  6:43  Queen  
  102  6:48  Roach x2  
  102  6:51  Roach  
  108  6:59  Ravager  
  108  7:00  Queen  
  111  7:02  Roach  
  113  7:09  Overlord x2  
  113  7:10  Overlord  
  113  7:13  Ravager  
  114  7:16  Roach  
  114  7:17  Roach  
  114  7:22  Roach x3  
  110  7:26  Roach  
  110  7:27  Roach  
  110  7:29  Roach  
  112  7:35  Drone x6  
  112  7:36  Drone x2  
  120  7:43  Overlord  
  122  7:51  Roach x2  
  122  7:53  Roach  
  122  7:54  Roach x3  
  122  7:57  Roach  
  136  8:00  Roach  
  136  8:02  Roach  
  136  8:03  Roach  
  136  8:04  Ravager  
  143  8:06  Ravager  
  143  8:10  Roach  
  146  8:19  Overlord  
  146  8:20  Overseer  
  146  8:22  Overlord  
  146  8:27  Unknown, Roach  
  146  8:28  Overlord  
  146  8:41  Roach x8  
  162  8:43  Overlord x2  
  162  8:53  Roach x3  
  168  8:56  Ravager x2  
  168  8:58  Overlord  
  168  9:01  Extractor  
  169  9:16  Roach  
  183  9:17  Roach x8  
  183  9:18  Roach  
  183  9:23  Overlord  
  189  9:25  Overlord  
  189  9:26  Extractor  
  188  9:35  Hatchery, Ravager x2  
  187  9:42  Roach x7  
  189  9:49  Roach x2  
  191  9:53  Roach x3  
  191  9:55  Ravager  
  191  9:58  Roach  
  200  10:19  Zerg Missile Weapons Level 2  
  194  10:22  Roach x4  
  194  10:30  Roach x4  
  192  10:39  Roach x4  
  184  10:45  Roach x2  
  188  10:54  Roach x5  
  190  10:58  Roach  
  192  11:06  Roach x4  
  192  11:10  Spire  
  168  11:28  Roach x10  
  154  11:34  Roach x2  
  154  11:35  Roach x2  
  154  11:38  Roach  
  154  11:45  Roach x4  
  154  11:46  Roach x3  
  154  11:49  Roach x2  
  154  11:53  Roach  
  154  11:54  Roach  
  158  11:56  Roach  
  158  11:58  Roach  
  162  12:06  Ravager  
  162  12:07  Ravager x3  
  166  12:11  Roach x3  
  170  12:20  Roach x3  
  168  12:29  Roach  
  164  12:30  Roach x2  
  160  12:39  Roach  
  160  12:40  Roach x2  
  119  13:01  Roach x6  
  119  13:02  Roach  
Show
View Real Time Build Order
Export as new Build Order

Dana Zerg - Winner!

Build Orders: Pool First 

Get SALT Encoding   

  12  0:00  Drone  
  13  0:12  Overlord  
  13  0:17  Drone  
  14  0:30  Drone x2  
  14  0:34  Drone  
  17  0:45  Spawning Pool  
  17  0:48  Drone  
  17  1:09  Hatchery  
  17  1:11  Drone  
  17  1:14  Drone  
  17  1:18  Drone  
  19  1:28  Extractor  
  19  1:30  Drone  
  19  1:32  Queen  
  21  1:38  Overlord  
  21  1:50  Zergling x2  
  22  2:00  Drone  
  23  2:08  Queen  
  25  2:11  Drone  
  26  2:20  Queen  
  26  2:21  Drone  
  26  2:22  Drone  
  30  2:31  Drone  
  30  2:33  Drone  
  32  2:39  Drone  
  32  2:40  Drone x2  
  32  2:43  Drone  
  36  2:45  Overlord  
  36  2:50  Lair  
  36  2:55  Evolution Chamber  
  36  2:56  Overlord  
  35  3:07  Roach Warren, Drone x2  
  35  3:10  Drone  
  37  3:14  Drone  
  37  3:15  Drone  
  37  3:17  Drone  
  37  3:18  Drone  
  41  3:20  Drone  
  41  3:25  Zerg Missile Weapons Level 1  
  41  3:27  Drone  
  43  3:30  Drone  
  43  3:31  Extractor, Drone  
  44  3:35  Drone  
  44  3:36  Drone  
  44  3:37  Drone  
  44  3:40  Drone  
  47  3:47  Extractor, Evolution Chamber  
  45  3:48  Glial Reconstitution  
  45  3:50  Drone x2  
  45  3:55  Roach  
  49  4:00  Roach  
  49  4:01  Overlord  
  51  4:05  Overlord  
  51  4:09  Overlord  
  51  4:16  Overlord  
  51  4:18  Overlord  
  51  4:20  Roach x2  
  51  4:21  Roach  
  51  4:23  Roach  
  59  4:26  Roach  
  59  4:28  Roach  
  59  4:32  Roach  
  59  4:34  Roach  
  67  4:40  Overlord  
  67  4:41  Roach x2  
  67  4:43  Roach  
  73  4:51  Roach x3  
  79  4:56  Roach  
  79  4:57  Roach  
  83  5:03  Roach  
  83  5:04  Roach  
  87  5:09  Roach x3  
  87  5:12  Overlord  
  93  5:20  Roach  
  95  5:24  Overlord  
  95  5:33  Roach x4  
  103  5:37  Roach  
  105  5:46  Roach x2  
  105  5:48  Roach  
  105  5:49  Roach x2  
  99  6:00  Roach x2  
  91  6:05  Roach x2  
  91  6:08  Roach  
  91  6:09  Hatchery  
  91  6:11  Roach  
  94  6:14  Roach  
  90  6:24  Roach x2  
  90  6:31  Roach x3  
  92  6:33  Roach x3  
  92  6:37  Roach  
  100  6:47  Overlord  
  100  6:48  Roach x2  
  104  6:57  Roach x4  
  112  7:02  Roach  
  114  7:11  Roach x4  
  120  7:15  Drone  
  120  7:20  Roach  
  120  7:22  Roach  
  109  7:28  Roach x4  
  109  7:39  Roach x3  
  109  7:43  Drone x4  
  117  7:47  Overseer  
  117  7:49  Drone  
  117  7:50  Queen  
  120  7:53  Overlord  
  120  7:56  Drone  
  120  7:57  Drone  
  122  8:00  Overlord  
  122  8:05  Overlord  
  122  8:08  Overlord  
  122  8:14  Extractor x2  
  122  8:15  Drone x4  
  122  8:17  Drone  
  122  8:19  Drone  
  126  8:22  Drone x2  
  126  8:23  Drone  
  126  8:26  Drone x2  
  131  8:30  Zerg Missile Weapons Level 2  
  131  8:33  Ravager  
  135  8:34  Ravager x3  
  135  8:38  Roach  
  137  8:41  Roach  
  137  8:43  Roach  
  137  8:45  Overlord  
  143  8:48  Extractor, Roach x2  
  143  8:52  Roach x2  
  143  8:55  Drone x2  
  150  8:56  Drone  
  150  8:59  Roach  
  150  9:02  Overlord  
  153  9:04  Roach  
  153  9:05  Roach  
  153  9:08  Roach x2  
  161  9:14  Overlord x2  
  161  9:18  Overlord  
  161  9:27  Hatchery  
  161  9:30  Overlord  
  160  9:37  Roach x4  
  168  9:40  Roach x3  
  168  9:45  Roach x2  
  174  9:50  Roach x3  
  176  9:54  Ravager x5  
  176  9:56  Ravager  
  176  9:57  Roach  
  176  9:58  Roach  
  186  10:00  Overlord  
  186  10:05  Overlord  
  186  10:10  Overlord  
  186  10:13  Overlord x2  
  186  10:20  Roach  
  186  10:26  Roach x5  
  184  10:30  Roach x3  
  184  10:33  Roach x2  
  188  10:39  Roach x2  
  180  10:44  Roach x2  
  180  10:47  Ravager  
  180  10:48  Ravager x2  
  185  10:50  Roach  
  185  10:52  Roach x2  
  185  10:53  Roach  
  180  10:59  Roach x4  
  186  11:06  Roach  
  186  11:07  Roach x3  
  186  11:10  Roach x2  
  198  11:23  Roach  
  198  11:24  Roach x2  
  184  11:27  Roach x4  
  184  11:31  Roach x3  
  181  11:34  Roach  
  181  11:35  Roach  
  181  11:37  Roach  
  181  11:41  Roach x2  
  181  11:45  Roach x2  
  173  11:48  Ravager x3  
  173  11:50  Roach x2  
  180  11:55  Ravager x2  
  180  11:56  Roach x2  
  180  11:57  Roach  
  180  11:58  Ravager  
  180  11:59  Ravager x3  
  186  12:03  Roach x2  
  186  12:05  Overseer  
  190  12:09  Ravager x2  
  190  12:10  Roach x2  
  190  12:11  Roach  
  194  12:17  Roach x3  
  196  12:28  Roach x4  
  194  12:33  Roach x3  
  190  12:38  Roach x2  
  190  12:39  Roach  
  190  12:41  Roach  
  186  12:56  Roach x2  
  162  12:58  Roach x2  
  162  12:59  Roach  
  162  13:01  Roach x3  
  162  13:03  Roach  
  163  13:20  Ravager x3  

Tags
 
Add a new tag
Caveats
  • Supply blocks, unpowered buildings, or Contaminate may cause inaccurate times.
  • Supply counts are checked every 10 seconds.